AoeStats
← TW_Jerry YT @TW-aoe2noobs

Black Forest

508883094Analyzed
4v4 RM · 8d ago on Sep 24, 2026· 41m 41s· 8 players
Game mode
Random Map
Map size
Large (8 player)
Population
200
Speed
Normal
Resources
Standard
Victory
Conquest
Starting age
Dark Age
Ending age
Imperial Age
RankedLock teamsTeams togetherTeam positionsShared explorationLock speedFull tech treeHidden civsTurbo modeCheats
Victory
Defeat
1877
+6
🇨🇦 Vietnamese · Canada
1639
+13
🇩🇪 Varangians · Germany
1554
+16
🇨🇳 Saxons · China
1554
+16
🇦🇷 Japanese · Argentina
1624
-14
🇹🇼 Celts · Taiwan
1612
-14
🇹🇼 Persians · Taiwan
1576
-12
🇹🇼 Koreans · Taiwan
1531
-11
TW_Jerry YT @TW-aoe2noobs
11:40 Feudal Age
15:16 Castle Age
14:57 Double-Bit Axe
14:55 Horse Collar
16:23 Bow Saw
18:38 Heavy Plow
22:18 Loom
24:27 Fishing Lines
25:44 Wheelbarrow
28:07 Imperial Age
25:53 Scale Mail Armor
26:03 Forging
26:05 Stone Mining
26:06 Gold Mining
27:27 Chain Mail Armor
27:23 Forging
27:33 Arson
28:25 Hand Cart
27:47 Pikeman
29:22 Plate Mail Armor
29:41 Iron Casting
28:28 Halberdier
28:37 Capped Ram
29:48 Gillnets
30:24 Conscription
31:00 Siege Engineers
32:39 Blast Furnace
31:27 Onager
33:59 Siege Onager
36:44 Chemistry
36:24 Siege Onager
菜就怪隊友
0:57 Loom
15:03 Feudal Age
17:06 Fletching
22:59 Castle Age
22:45 Double-Bit Axe
23:54 Bodkin Arrow
TW_HIHAO
9:01 Feudal Age
9:15 Man-at-Arms
9:48 Loom
10:40 Arson
17:43 Fletching
27:55 Castle Age
26:15 Town Watch
26:45 Gold Mining
26:48 Double-Bit Axe
27:01 Gold Mining
28:05 Horse Collar
29:57 Bow Saw
30:34 Heavy Plow
33:24 Wheelbarrow
34:43 Scale Mail Armor
35:52 Chain Mail Armor
37:09 Hand Cart
37:33 Squires
TW_KA
1:11 Loom
12:09 Feudal Age
16:38 Castle Age
15:57 Double-Bit Axe
15:55 Horse Collar
20:58 Fishing Lines
23:58 Wheelbarrow
26:27 Gold Mining
30:14 Imperial Age
28:12 Hand Cart
28:29 Scale Barding Armor
28:35 Forging
28:18 Stone Mining
29:09 Gold Shaft Mining
30:14 Stone Shaft Mining
30:05 Chain Barding Armor
30:50 Iron Casting
30:28 Heavy Plow
30:43 Bow Saw
31:22 Elite War Elephant
32:23 Conscription
33:40 Two-Man Saw
33:41 Plate Barding Armor
34:07 Blast Furnace
33:10 Husbandry
33:21 Bloodlines
33:39 Devotion
34:48 Fletching
36:37 Bodkin Arrow
36:44 Scale Mail Armor
38:21 Murder Holes
[David]Dreamer
0:49 Loom
14:33 Feudal Age
14:50 Man-at-Arms
16:11 Fletching
16:35 Double-Bit Axe
17:12 Town Watch
22:09 Castle Age
21:00 Fishing Lines
23:15 Wheelbarrow
22:47 Bodkin Arrow
23:30 Bow Saw
24:27 Horse Collar
25:01 Gillnets
25:58 Fortified Wall
27:14 Masonry
31:34 Treadmill Crane
33:05 Hand Cart
32:42 Gold Mining
37:31 Imperial Age
36:03 Ballistics
36:16 Scale Mail Armor
36:26 Forging
37:12 Gold Shaft Mining
36:27 Stone Mining
36:33 Stone Mining
38:15 Guard Tower
38:20 Murder Holes
39:27 Conscription
40:00 Chain Mail Armor
40:20 Iron Casting
41:05 Keep
41:31 Chemistry
41:38 Two-Man Saw
40:19 Shield Wall
41:13 Arrowslits
42:01 Architecture
42:33 Plate Mail Armor
42:04 Bracer
42:37 Plate Mail Armor
42:49 Hoardings
41:34 Elite Hearth Troop
CNZS_骑士老爷_帝国时代2
3:34 Double-Bit Axe
10:47 Feudal Age
10:06 Fishing Lines
11:46 Bow Saw
15:16 Gillnets
17:03 Gold Mining
18:52 Gold Shaft Mining
20:44 Castle Age
20:56 Padded Archer Armor
21:03 Scale Barding Armor
21:08 Forging
25:08 Imperial Age
23:31 Guilds
24:01 Leather Archer Armor
24:36 Caravan
24:00 Cavalier
26:24 Coinage
26:59 Chemistry
25:55 Paladin
26:40 Loom
27:30 Wheelbarrow
27:18 Chain Barding Armor
29:29 Plate Barding Armor
30:21 Husbandry
31:18 Iron Casting
Poggle-der-Fisch
11:21 Feudal Age
15:12 Castle Age
13:08 Double-Bit Axe
13:10 Loom
22:41 Wheelbarrow
23:13 Fishing Lines
24:04 Gillnets
27:16 Town Watch
27:46 Hand Cart
28:14 Hand Cart
30:43 Bow Saw
30:29 Horse Collar
30:41 Gold Mining
34:26 Imperial Age
32:20 Scale Mail Armor
32:37 Heavy Plow
32:09 Pikeman
32:49 Squires
33:01 Squires
32:47 Arson
33:42 Chain Mail Armor
33:33 Stone Mining
33:33 Gambesons
35:00 Forging
34:27 Halberdier
35:40 Plate Mail Armor
34:55 Gothikon
35:56 Conscription
35:38 Elite Varangian Guard
36:55 Iron Casting
37:54 Two-Man Saw
39:42 Blast Furnace
38:50 Siege Engineers
41:48 Fletching
42:14 Masonry
parachutedreamer
0:42 Loom
10:59 Feudal Age
11:58 Double-Bit Axe
17:06 Wheelbarrow
18:10 Horse Collar
21:06 Fletching
24:10 Castle Age
25:53 Hand Cart
25:50 Bow Saw
26:04 Heavy Plow
26:12 Fishing Lines
28:35 Stone Mining
32:59 Masonry
33:28 Gold Mining
34:27 Fortified Wall
37:01 Imperial Age
35:12 Town Watch
35:38 Bodkin Arrow
35:44 Padded Archer Armor
36:07 Ballistics
37:49 Bracer
38:05 Leather Archer Armor
38:51 Chemistry
38:25 Elite Rattan Archer
39:14 Murder Holes
42:08 Paper Money
Connection lost

Rejoining the realm…

Still unreachable

The connection could not be restored.

Session expired

The server has moved on; the page needs a fresh start.